 Dungeon Crawl Stone Soup version 0.21.0-3-g78d12a8 (console) character file.

57 toffzen the Ruffian (level 3, 0/35 HPs)
             Began as a Troll Transmuter on Jan 15, 2018.
             Killed from afar by komo4ek's ghost (4 damage)
             ... with a blast of sand
             ... on level 3 of the Dungeon.
             The game lasted 00:05:43 (1725 turns).

toffzen the Ruffian (Troll Transmuter)              Turns: 1725, Time: 00:05:43

Health: 0/35       AC:  5    Str: 18    XL:     3   Next: 73%
Magic:  3/3        EV: 10    Int: 10    God:
Gold:   78         SH:  0    Dex: 10    Spells: 1/4 levels left

rFire    x . .     SeeInvis .     - Unarmed
rCold    + . .     Gourm    +   (no shield)
rNeg     . . .     Faith    .   b - +0 robe
rPois    .         Spirit   .   (helmet restricted)
rElec    .         Reflect  .   (no cloak)
rCorr    .         Harm     .   (gloves unavailable)
MR       .....                  (boots unavailable)
Stlth    +.........             (no amulet)
HPRegen  0.51/turn              k - ring of flight
MPRegen  0.08/turn              q - ring of ice

@: no status effects
A: large, unfitting armour, claws 3, fast metabolism 3, gourmand, regeneration
1, shaggy fur 1, tough skin 2
a: Evoke Flight


You were on level 3 of the Dungeon.
You were completely stuffed.

You visited 1 branch of the dungeon, and saw 3 of its levels.

You collected 78 gold pieces.

Inventory:

Missiles
 a - 69 arrows
 f - 105 stones (quivered)
 m - 17 poisoned needles
Armour
 b - a +0 robe (worn)
 s - a cursed +0 scale mail
Jewellery
 k - a ring of flight (left claw)
 q - a ring of ice (right claw)
Scrolls
 g - 2 scrolls of magic mapping
 i - 3 scrolls of teleportation
 n - a scroll of remove curse {unknown}
 o - a scroll of fog
Potions
 h - 3 potions of curing
 j - a potion of magic {unknown}
 l - 2 potions of heal wounds
 p - a potion of brilliance {unknown}
 r - a potion of degeneration {unknown}
Books
 c - a book of Changes

   Spells                             Type                      Level
   a - Beastly Appendage              Transmutation                1
   b - Sticks to Snakes               Transmutation                2
   c - Spider Form                    Transmutation/Poison         3
   d - Ice Form                       Ice/Transmutation            4
   e - Blade Hands                    Transmutation                5
Comestibles
 d - 7 rations
 t - 2 chunks of flesh


   Skills:
 + Level 1.7 Fighting
 - Level 1.5 Dodging
 * Level 4.2 Unarmed Combat
 - Level 1.2 Spellcasting
 - Level 1.3 Transmutations


You had one spell level left.
You knew the following spells:

 Your Spells              Type           Power        Failure   Level  Hunger
a - Beastly Appendage     Tmut           #.....       19%         1    ##.....
b - Sticks to Snakes      Tmut           #.......     28%         2    ###....


Dungeon Overview and Level Annotations

Branches:
Dungeon (3/15)

Altars:

Annotations:
D:3 komo4ek's ghost, amateur HuEE


Innate Abilities, Weirdness & Mutations

You are too large for most types of armour.
You have claws for hands.
Your metabolism is lightning-fast.
You like to eat raw meat.
Your natural rate of healing is unusually fast.
You are covered in fur. (AC +1)
You have very tough skin. (AC +2)


Message History

You feel much better. Komo4ek's ghost hits you.
You are electrocuted!
You barely miss komo4ek's ghost.
Komo4ek's ghost is moderately damaged.
You completely miss komo4ek's ghost.
Komo4ek's ghost is moderately damaged.
Komo4ek's ghost hits you but does no damage.
You claw komo4ek's ghost!
Komo4ek's ghost is heavily damaged.
Komo4ek's ghost hits you but does no damage.
You closely miss komo4ek's ghost.
Komo4ek's ghost is heavily damaged.
Komo4ek's ghost casts a spell at you. The blast of sand misses you.
You closely miss komo4ek's ghost.
Komo4ek's ghost is heavily damaged.
Komo4ek's ghost hits you.
You are electrocuted!
* * * LOW HITPOINT WARNING * * *
Komo4ek's ghost gestures at you while chanting.
The blast of sand hits you!
You die...

#### # #..#
#####.###@.#
.......[W..#
#####...#..#
#.#....#
#.#...## .
..... .#
....#. ##
########


You could see komo4ek's ghost.

Vanquished Creatures
  2 adders (D:2)
  5 orcs (D:3)
  4 bats (D:1)
  2 giant cockroaches (D:1)
  6 goblins
  2 hobgoblins (D:1)
  2 jackals (D:1)
  A frilled lizard (D:2)
  3 kobolds
  6 rats
33 creatures vanquished.

Vanquished Creatures (others)
  17 toadstools (D:3)
17 creatures vanquished.

Grand Total: 50 creatures vanquished

Notes
Turn   | Place    | Note
-------+----------+-------------------------------------------
     0 | D:1      | toffzen the Troll Transmuter began the quest for the Orb.
     0 | D:1      | Reached XP level 1. HP: 18/18 MP: 1/1
    98 | D:1      | Reached skill level 1 in Fighting
   160 | D:1      | Reached XP level 2. HP: 23/27 MP: 2/2
   405 | D:1      | Learned a level 2 spell: Sticks to Snakes
   887 | D:2      | Reached XP level 3. HP: 33/33 MP: 3/3
  1106 | D:2      | Reached skill level 4 in Unarmed Combat
  1666 | D:3      | Noticed komo4ek's ghost (amateur HuEE)
  1725 | D:3      | Killed from afar by komo4ek's ghost

Skill      XL: |  1  2  3 |
---------------+----------+-----
Fighting       | 1 |  1.7
Unarmed Combat | 4 |  4.2
Dodging        | |  1.5
Spellcasting   | |  1.2
Transmutations | |  1.3

Action                   || total
-------------------------++-------
Melee: Unarmed           ||    76
       Kick              ||     1
       Punch             ||     1
Throw: Stone             ||     6
 Cast: Beastly Appendage ||     1
  Use: Scroll            ||     5
       Potion            ||     1
 Stab: Sleeping          ||     1
  Eat: Chunk             ||    21
Armor: Robe              ||    22
Dodge: Dodged            ||    27
